 Dungeon Crawl Stone Soup version 0.25-a0-665-ga69d640 (webtiles) character file.

Game seed: 10084562323840988020, levelgen mode: deterministic

6974 Faca the Fighter (level 11, -3/93 HPs)
             Began as a Human Fighter on Mar 27, 2020.
             Was a Follower of Okawaru.
             Killed from afar by Josephine (31 damage)
             ... with a ghostly fireball
             ... on level 10 of the Dungeon.
             The game lasted 00:20:50 (13207 turns).

Faca the Fighter (Human Fighter)                   Turns: 13207, Time: 00:20:51

Health: -3/93      AC: 12    Str: 20    XL:     11   Next: 28%
Magic:  10/11      EV: 20    Int:  8    God:    Okawaru [*.....]
Gold:   210        SH: 10    Dex: 15    Spells: 10/10 levels left

rFire    . . .     SeeInvis +   r - +3 scimitar (holy)
rCold    . . .     Gourm    .   c - +1 kite shield
rNeg     . . .     Faith    .   s - +0 chain mail
rPois    .         Spirit   .   o - +0 helmet
rElec    .         Reflect  .   i - +0 cloak
rCorr    .         Harm     .   (no gloves)
MR       .....                  z - +0 pair of boots
Stlth    ..........             e - amulet of the acrobat
HPRegen  0.25/turn              h - ring of see invisible
MPRegen  0.12/turn              b - +2 ring of dexterity

@: about to teleport, acrobat, heavily drained
A: no striking features
a: Heroism, Renounce Religion


You were on level 10 of the Dungeon.
You worshipped Okawaru.
Okawaru was aware of your devotion.
You were not hungry.

You visited 2 branches of the dungeon, and saw 11 of its levels.

You collected 413 gold pieces.
You spent 203 gold pieces at shops.

Inventory:

Hand Weapons
 r - a +3 scimitar of holy wrath (weapon)
 v - a +2 dagger of venom
Missiles
 p - 4 boomerangs (quivered)
 F - a throwing net
Armour
 c - a +1 kite shield (worn)
 i - a +0 cloak (worn)
 o - a +0 helmet (worn)
 s - a +0 chain mail (worn)
 z - a +0 pair of boots (worn)
 E - a +0 tower shield
Jewellery
 b - a +2 ring of dexterity (right hand)
 e - an amulet of the acrobat (around neck)
 h - a ring of see invisible (left hand)
 D - a cursed amulet of harm {unknown}
Wands
 t - a wand of paralysis (12)
 u - a wand of random effects (18)
 x - a wand of flame (13)
 B - a wand of acid (6)
Scrolls
 a - a scroll of fear
 j - 5 scrolls of teleportation
 k - a scroll of blinking {unknown}
 n - 5 scrolls of fog
 q - 2 scrolls of remove curse
 y - 2 scrolls of enchant armour
Potions
 d - 2 potions of might
 l - 3 potions of curing
 m - 5 potions of flight
 w - 2 potions of cancellation
 A - a potion of haste
 C - a potion of lignification
Comestibles
 f - 14 rations
 G - 4 chunks of flesh


   Skills:
 + Level 11.1(8.5) Fighting
 + Level 10.8(8.3) Long Blades
 + Level 5.7(3.4) Armour
 + Level 5.7(3.5) Shields


You had 10 spell levels left.
You didn't know any spells.
Your spell library contained the following spells:

 Spells                   Type           Power        Failure   Level  Hunger
 Confusing Touch          Hex            #.......     100%        3    ####...
 Gell's Gravitas          Tloc           #.........   100%        3    ####...
 Petrify                  Tmut/Erth      #.......     100%        4    #####..
 Metabolic Englaciation   Hex/Ice        #.........   100%        5    ######.
 Yara's Violent Unravell  Hex/Tmut       #.........   100%        5    ######.


Dungeon Overview and Level Annotations

Branches:
Dungeon (10/15)            Temple (1/1) D:5            Lair (0/6) D:8
    Orc: D:9-12

Altars:
Ashenzari
Cheibriados
Dithmenos
Elyvilon
Fedhas
Gozag
Hepliaklqana
Kikubaaqudgha
Makhleb
Nemelex Xobeh
Okawaru
Qazlal
Ru
Sif Muna
Trog
Uskayaw
Vehumet
Wu Jian
Xom
Yredelemnul
Zin
The Shining One

Shops:
D:8 !(=[%

Annotations:
D:10 Josephine


Message History

Josephine is moderately wounded.
Josephine points at you and mumbles some strange words.
The ghostly flame explodes!
The ghostly fireball engulfs you!
You feel drained.
The ghostly fireball engulfs the wraith.
The wraith completely resists.
The ghostly fireball engulfs Josephine.
Josephine completely resists.
You block the wraith's attack.
You hit Josephine but do no damage.
Josephine is moderately wounded.
Josephine hits you but does no damage. The wraith hits you!
* * * LOW HITPOINT WARNING * * *
The wraith drains your vigour!
You feel yourself slow down.
You feel like a meek peon again. The wraith misses you.
As you read the scroll of teleportation, it crumbles to dust.
You feel strangely unstable.
You feel yourself speed up.
Josephine gestures at you while chanting.
The ghostly flame explodes!
The ghostly fireball engulfs you!!
You feel drained.
You die...

..####.....'.#..# .. #..#####.#.
..# #.....###..# ... #......#.'.
..####..........# ..##......#.#.
..#...........#..............#.#.
..#.#.......#.#W.....#.......'.#.
#'#.........#W####...#.......#.##
............#.W..# ..#.......####
............#..@.#####....##....#
##..........#..#@.........##....#
##..#...............#...........#
....................#...........#
######.##....>........####......#
#.##.........(...# #.#....#
#.##......#......# #.#....#
#.........#......# +.#....#
#.........#......# #.#....'
#.........#......# #......#


You could see Josephine and 2 wraiths.

Vanquished Creatures
  2 two-headed ogres
  2 trolls
  A hippogriff (D:7)
  A wraith (D:10)
  Eustachio (D:5)
  4 yaks
  A hungry ghost (D:9)
  2 porcupines
  3 orc warriors
  A sky beast (D:8)
  A necrophage (D:9)
  A phantom (D:4)
  3 ice beasts
  A black bear (D:8)
  5 ogres
  3 centaurs
  A crocodile (D:8)
  8 bullfrogs
  A wyvern skeleton (D:8)
  A wyvern zombie (D:6)
  4 scorpions
  3 wights (D:9)
  A howler monkey (D:7)
  2 crimson imps
  A bullfrog zombie (D:5)
  A bullfrog skeleton (D:4)
  6 orc priests
  A gnoll shaman (D:10)
  3 hounds
  7 orc wizards
  2 centaur skeletons
  3 iguanas
  9 worker ants
  A hound skeleton (D:4)
  2 worker ant zombies
  4 gnolls (D:10)
  9 adders
  2 shadow imps
  An adder zombie (D:6)
  An adder skeleton (D:8)
  A worm (D:5)
  4 dart slugs
  5 leopard geckos
  51 orcs
  A ball python (D:3)
  8 bats
  4 giant cockroaches
  4 goblins
  11 hobgoblins
  4 jackals
  9 kobolds
  3 quokkas
  A ball python skeleton (D:4)
  5 frilled lizards
  2 quokka skeletons (D:4)
  9 rats
228 creatures vanquished.

Vanquished Creatures (others)
  27 fungi (D:8)
  5 plants (D:8)
32 creatures vanquished.

Grand Total: 260 creatures vanquished

Notes
Turn   | Place    | Note
-------+----------+-------------------------------------------
     0 | D:1      | Faca the Human Fighter began the quest for the Orb.
     0 | D:1      | Reached XP level 1. HP: 18/18 MP: 1/1
   215 | D:1      | Reached XP level 2. HP: 21/24 MP: 2/2
   302 | D:1      | Reached XP level 3. HP: 29/29 MP: 3/3
  1165 | D:2      | Found a blossoming altar of Fedhas.
  1219 | D:2      | Reached XP level 4. HP: 37/37 MP: 4/4
  1443 | D:2      | Reached skill level 4 in Fighting
  1974 | D:2      | Reached XP level 5. HP: 34/43 MP: 5/5
  3214 | D:4      | Reached skill level 5 in Fighting
  3214 | D:4      | Reached XP level 6. HP: 51/51 MP: 6/6
  3615 | D:4      | Noticed an ogre
  3625 | D:4      | Killed an ogre
  3625 | D:4      | Reached skill level 5 in Long Blades
  3625 | D:4      | Reached XP level 7. HP: 29/56 MP: 7/7
  4160 | D:4      | Reached skill level 6 in Fighting
  4211 | D:4      | Found a stormy altar of Qazlal.
  4222 | D:4      | Found a bloodstained altar of Trog.
  4233 | D:4      | Found a burning altar of Makhleb.
  4234 | D:4      | Found a shimmering altar of Xom.
  4234 | D:4      | Found a basalt altar of Yredelemnul.
  4486 | D:4      | Found a blossoming altar of Fedhas.
  4546 | D:5      | Entered Level 5 of the Dungeon
  4588 | D:5      | Found a snail-covered altar of Cheibriados.
  4691 | D:5      | Noticed Eustachio
  4750 | D:5      | Killed Eustachio
  4750 | D:5      | Reached XP level 8. HP: 58/65 MP: 8/8
  4856 | D:5      | Reached skill level 7 in Fighting
  5503 | D:5      | Found a staircase to the Ecumenical Temple.
  5570 | Temple   | Entered the Ecumenical Temple
  6037 | D:5      | Found an ornate altar of the Wu Jian Council.
  6809 | D:6      | Found a glowing golden altar of the Shining One.
  6869 | D:6      | Reached skill level 8 in Fighting
  6869 | D:6      | Reached XP level 9. HP: 53/74 MP: 9/9
  7525 | D:6      | Found a glowing silver altar of Zin.
  7525 | D:6      | Noticed an angel
  8102 | D:7      | Reached skill level 9 in Fighting
  8464 | D:8      | Found Irghur's Distillery.
  9569 | D:8      | Reached XP level 10. HP: 75/84 MP: 10/10
  9881 | D:7      | Reached skill level 10 in Fighting
 10102 | D:8      | Noticed a two-headed ogre
 10116 | D:8      | Killed a two-headed ogre
 10116 | D:8      | Reached skill level 10 in Long Blades
 10849 | D:8      | Found Xehiffic's Food Emporium.
 10942 | D:8      | Found a staircase to the Lair.
 11036 | D:8      | Found Puomio's Antique Weapon Boutique.
 11044 | D:8      | Bought a runed scimitar for 203 gold pieces
 11142 | D:8      | Found Koafet's Antique Armour Boutique.
 11156 | D:8      | Found Jaes Wunobb's Jewellery Emporium.
 11555 | D:9      | Reached XP level 11. HP: 89/92 MP: 11/11
 11658 | D:9      | Found an iron altar of Okawaru.
 11666 | D:9      | Became a worshipper of Warmaster Okawaru
 11672 | D:9      | Found a radiant altar of Vehumet.
 11806 | D:9      | Noticed a two-headed ogre
 11821 | D:9      | HP: 3/92 [two-headed ogre/+0 giant club (15)]
 11827 | D:9      | Killed a two-headed ogre
 11827 | D:9      | Reached * piety under Okawaru
 11827 | D:9      | Reached skill level 5 in Armour
 11827 | D:9      | Reached skill level 5 in Shields
 12135 | D:9      | You fall into a shaft and drop 1 floor!
 12135 | D:10     | Entered Level 10 of the Dungeon
 12238 | D:9      | Found an opulent altar of Gozag.
 12692 | D:10     | Reached skill level 11 in Fighting
 13182 | D:10     | Noticed Josephine
 13207 | D:10     | Killed from afar by Josephine

Levels and vault maps discovered:
D:1:      dpeg_arrival_oval, layout_basic
D:2:      layout_loops_corners, old_standard_altar
D:3:      layout_basic, serial_rivers, chequers_serial_rivers_micro_e,
          chequers_serial_rivers_room_a, chequers_serial_rivers_small_b,
          chequers_serial_rivers_micro_c, chequers_serial_rivers_large_b,
          interstate_on_off
D:4:      layout_rooms, grunt_temple_overflow_open, first_ration,
          fedhas_altar_fruit_tree
D:5:      layout_gridville, kennysheep_mini, cheibrodos_worm_habitat,
          minmay_temple_entry_enclosed_plants, chequers_serial_rivers_micro_a,
          minmay_misc_feat_enclosed, uniq_eustachio
D:6:      layout_loops_corners, tso_oasis_becter, zin_angel
D:7:      layout_rooms
D:8:      layout_basic, due_lair_maze_entry_diamond, serial_shops, shop, shop,
          shop, shop, shop
D:9:      layout_gridville, overflow_temple_1_default, grunt_gozag_breadcrumbs,
          basic_altar
D:10:     layout_stronghold, chequers_jeans, uniq_josephine
Temple:   jpeg_temple_alley_garden

Skill      XL: |  1  2  3  4  5  6  7  8  9 10 11 |
---------------+----------------------------------+-----
Long Blades    | 3 4 5 6 7 9 10 | 10.8
Fighting       | 4 5 6 8 9 10 11 | 11.1
Armour         | 4 5 |  5.7
Shields        | 4 5 |  5.7

Action                   |  1- 3 |  4- 6 |  7- 9 | 10-12 || total
-------------------------+-------+-------+-------+-------++-------
Melee: Long sword        |    99 |   207 |   522 |    77 ||   905
       Scimitar          |       |       |       |   167 ||   167
Throw: Boomerang         |       |       |    10 |       ||    10
Invok: Heroism           |       |       |       |     1 ||     1
Evoke: Wand              |       |       |     5 |     4 ||     9
  Use: Scroll            |     2 |     2 |     8 |     7 ||    19
       Potion            |       |     1 |       |     6 ||     7
 Stab: Paralysed         |       |       |       |     9 ||     9
  Eat: Chunk             |     1 |     8 |    13 |    10 ||    32
       Ration            |       |       |     2 |     1 ||     3
Armor: Scale mail        |    37 |    90 |       |       ||   127
       Chain mail        |       |     9 |   218 |   106 ||   333
Dodge: Dodged            |    42 |    80 |   134 |    61 ||   317
Block: Kite shield       |    52 |   119 |   285 |   124 ||   580
       Rpst.: Long sword |    11 |    16 |    49 |     3 ||    79
       Scimitar          |       |       |       |     4 ||     4

Table legend:
 A = Non-vault XP
 B = Vault XP
 C = Vault XP percentage of total XP
 D = Non-vault monster count
 E = Vault monster count
 F = Vault count percentage of total count
                 A         B        C        D         E       F
            +---------+---------+-------+---------+---------+-------
      Total |    8232 |    1731 |  17.4 |     214 |      14 |   6.1
            +---------+---------+-------+---------+---------+-------
        D:1 |      51 |       0 |   0.0 |      28 |       0 |   0.0
        D:2 |     158 |       0 |   0.0 |      28 |       0 |   0.0
        D:3 |      94 |       0 |   0.0 |      21 |       0 |   0.0
        D:4 |     514 |       0 |   0.0 |      30 |       0 |   0.0
        D:5 |     726 |     213 |  22.7 |      15 |       2 |  11.8
        D:6 |     841 |       0 |   0.0 |      22 |       0 |   0.0
        D:7 |    1241 |     772 |  38.4 |      24 |       6 |  20.0
        D:8 |    2339 |     532 |  18.5 |      21 |       5 |  19.2
        D:9 |    1632 |       0 |   0.0 |      12 |       0 |   0.0
       D:10 |     636 |     214 |  25.2 |      13 |       1 |   7.1
            +---------+---------+-------+---------+---------+-------
